 Dungeon Crawl Stone Soup version 0.31.0-1-g2c135a0 (webtiles) character file.

Game seed: 9345399656199477937

32 Fool the Grave Robber (level 3, -11/19 HPs)
             Began as a Deep Elf Necromancer on Jan 29, 2024.
             Mangled by Crazy Yiuf
             ... wielding a +4 quarterstaff of chaos
              (12 damage)
             ... on level 2 of the Dungeon.
             The game lasted 00:01:50 (669 turns).

Fool the Grave Robber (Deep Elf Necromancer)         Turns: 669, Time: 00:01:51

Health: -11/19     AC:  3    Str:  5    XL:     3   Next: 10%
Magic:  7/10       EV: 12    Int: 21    God:
Gold:   13         SH:  0    Dex: 15    Spells: 8/9 levels left

rFire   . . .        (no weapon)
rCold   . . .        (no shield)
rNeg    . . .        a - +0 robe
rPois   .            (no helmet)
rElec   .            (no cloak)
rCorr   .            d - +0 pair of gloves
SInv    .            (no boots)
Will    .....        (no amulet)
Stlth   ++           (no ring)
HPRegen 0.23/turn    (no ring)
MPRegen 0.12/turn

%: no passive effects
@: lethally poisoned (-11 -> -27)
A: no striking features
a: no special abilities


You were on level 2 of the Dungeon.
You visited 1 branch of the dungeon, and saw 2 of its levels.

You collected 13 gold pieces.

Inventory:

Armour
 a - a +0 robe (worn)
 d - a +0 pair of gloves (worn)
Potions
 b - a potion of magic
 c - 3 potions of brilliance {unknown}


   Skills:
 + Level 2.4 Dodging
 + Level 2.4 Stealth
 + Level 3.9 Spellcasting
 + Level 5.6 Necromancy


You had 8 spell levels left.
You knew the following spells:

 Your Spells              Type           Power      Damage    Failure   Level
a - Necrotise             Necr           100%       1d9       1%          1

Your spell library contained the following spells:

 Spells                   Type           Power      Damage    Failure   Level
 Vampiric Draining        Necr           27%        2d7       3%          3
 Animate Dead             Necr           27%        N/A       12%         4
 Curse of Agony           Necr           27%        N/A       34%         5


Dungeon Overview and Level Annotations

Branches:
Dungeon (1/15)

Altars:

Annotations:
D:2 Crazy Yiuf


Message History

You can't see any susceptible monsters within range! (Use Z to cast anyway.)
An adder is nearby!
You can't see any susceptible monsters within range! (Use Z to cast anyway.)
Your bat skeleton hits the adder.
Your bat skeleton hits the adder but does no damage.
The adder barely misses your bat skeleton.
The adder writhes in agony.
Your bat skeleton misses the adder.
Your bat skeleton completely misses the adder.
The adder closely misses your bat skeleton.
Your bat skeleton closely misses the adder.
The adder writhes in agony.
You kill the adder!
The dead are slithering!
You have reached level 3!
Your experience leads to an increase in your attributes!
Increase (S)trength, (I)ntelligence, or (D)exterity?
You feel clever. x2
Your bat skeleton crumbles into dust!
Your adder skeleton crumbles into dust!
Found a mace.
Found a hammer.
Found a runed translucent door.
Crazy Yiuf shouts!
Found a rapier.
You open the door.
Crazy Yiuf writhes in agony!
Crazy Yiuf barely misses you.
Crazy Yiuf writhes in agony.
Crazy Yiuf hits you with a +4 quarterstaff of chaos!
Ouch! That really hurt!
You are lethally poisoned!
You are too injured to fight recklessly!
You are too injured to fight recklessly!
Unknown command.
Aiming: Necrotise (safe; 1% risk of failure)
Press: ? - help, Q - select action Shift-Dir - straight line, f/p - Crazy Yiuf
Aim: Crazy Yiuf, wielding a +4 quarterstaff of chaos and wearing a +0 cloak (heavily wounded, chance to affect: 88%) Crazy Yiuf writhes in agony.
* * * LOW HITPOINT WARNING * * *
You feel very sick.
Crazy Yiuf hits you with a +4 quarterstaff of chaos!
Ouch! That really hurt!
You die...

########.# #.# #†#
#.#.# #)# #.#.#
#)######## #.#.#
#......... #.#.# #####
### #.).......
#.#.###...### ###..)#
#.........
#.#.##......####@g...#
#+###.....
#.#.##.......#..##...#
#.###.....
#.#.##.#....#.### ###
#.........
........#######
#....%..># ........#
########..
....#...############
#..
....#..........#...#
#..
...##..........#...#
.. #..
...##..........#...#
... #..


You could see Crazy Yiuf.

Vanquished Creatures
  An adder (D:2)
  3 endoplasms (D:1)
  7 goblins (D:2)
  3 hobgoblins
  2 kobolds
  A quokka (D:1)
  A bat (D:2)
  2 rats (D:1)
20 creatures vanquished.

Vanquished Creatures (collateral kills)
  A hobgoblin (D:2)
1 creature vanquished.

Grand Total: 21 creatures vanquished

Notes
Turn   | Place    | Note
-------+----------+-------------------------------------------
     0 | D:1      | Fool the Deep Elf Necromancer began the quest for the Orb.
     0 | D:1      | Reached XP level 1. HP: 10/10 MP: 6/6
    90 | D:1      | Reached skill level 5 in Necromancy
   301 | D:1      | Reached XP level 2. HP: 15/15 MP: 6/8
   348 | D:1      | You fall into a shaft and drop 1 floor!
   565 | D:2      | Reached XP level 3. HP: 19/19 MP: 6/10
   620 | D:2      | Found a runed translucent door.
   621 | D:2      | Noticed Crazy Yiuf
   669 | D:2      | Mangled by Crazy Yiuf

Illustrated notes

Levels and vault maps discovered:
D:1:      co_arrival_random_square_maze, layout_basic
D:2:      layout_basic, uniq_terence, uniq_robin, uniq_crazy_yiuf_cottage,
          uniq_sigmund

Skill      XL: |  1 |
---------------+----+-----
Necromancy     | 5 |  5.6
Dodging        | |  2.4
Stealth        | |  2.4
Spellcasting   | |  3.9

Action                     || total
---------------------------++-------
   Cast: Necrotise         ||    33
    Use: Scroll            ||     1
 Armour: Robe              ||     4
  Dodge: Dodged            ||     4
